 Dungeon Crawl Stone Soup version 0.29-a0-555-g3b24f45cc1 (webtiles) character file.

Game seed: 17810837924929012748

39 NateTC the Chopper (level 3, -1/33 HPs)
             Began as a Hill Orc Fighter on June 8, 2022.
             Succumbed to an orc's poison
             ... in the Ecumenical Temple.
             The game lasted 00:02:25 (1975 turns).

NateTC the Chopper (Hill Orc Fighter)               Turns: 1975, Time: 00:02:26

Health: -1/33      AC:  9    Str: 20    XL:     3   Next: 47%
Magic:  3/3        EV:  9    Int:  8    God:
Gold:   67         SH:  4    Dex: 10    Spells: 2/2 levels left

rFire   . . .      SeeInvis .   a - +0 war axe
rCold   . . .      Faith    .   c - +0 buckler
rNeg    . . .      Spirit   .   b - +0 scale mail
rPois   .          Reflect  .   (no helmet)
rElec   .          Harm     .   (no cloak)
rCorr   .          Rampage  .   g - +1 pair of gloves
Will    .....                   (no boots)
Stlth   ..........              (no amulet)
HPRegen 0.11/turn               (no ring)
MPRegen 0.08/turn               (no ring)

@: lethally poisoned (-1 -> -8)
A: no striking features
a: no special abilities


You were in the Ecumenical Temple.
You visited 2 branches of the dungeon, and saw 5 of its levels.

You collected 67 gold pieces.

Inventory:

Hand Weapons
 a - a +0 war axe (weapon)
Armour
 b - a +0 scale mail (worn)
 c - a +0 buckler (worn)
 g - a +1 pair of gloves (worn)
Potions
 d - a potion of might
 e - a potion of mutation
 f - a potion of magic {unknown}
 i - a potion of flight {unknown}
 j - 2 potions of lignification {unknown}
 l - a potion of brilliance {unknown}


   Skills:
 + Level 4.2 Fighting
 * Level 4.4 Axes
 - Level 3.2 Armour
 - Level 3.2 Shields


You had 2 spell levels left.
You didn't know any spells.
Your spell library contained the following spells:

 Spells                   Type           Power      Damage    Failure   Level
 Summon Guardian Golem    Hex/Summ       0%         N/A       99%         3
 Orb of Destruction       Conj           0%         9d5       100%        7
 Spellforged Servitor     Conj/Summ      0%         N/A       100%        7


Dungeon Overview and Level Annotations

Branches:
Dungeon (6/15)             Temple (1/1) D:6

Altars:
Cheibriados
Gozag
Kikubaaqudgha
Qazlal
Vehumet
Wu Jian
Yredelemnul
Zin


Message History

You fall into a shaft and drop 3 floors!
The shaft crumbles and collapses.
You hear the sound of rushing water.
There is an entrance to a sewer on this level.
Hurry and find it before the portal rusts away!
An ice beast comes into view.
Found a staircase to the Ecumenical Temple. 2 orcs come into view.
An orc is wielding a +1 dagger of venom.
The orc shouts!
You hear a shout!
An orc warrior and an orc wizard come into view.
The orc warrior shouts!
The orc wizard shouts!
An orc comes into view. It is wielding a +0 hand axe. x2
The orc wizard casts a spell at you. The magic dart hits you.
The orc shouts!
The ice beast hits you. The ice beast freezes you. The orc closely misses you.
There is a staircase to the Ecumenical Temple here.
You can't go up here!
The ice beast hits you. The ice beast freezes you!
* * * LOW HITPOINT WARNING * * *
The orc hits you but does no damage. x2
You are lethally poisoned!
You climb downwards.
Welcome to the Ecumenical Temple!
* * * LOW HITPOINT WARNING * * *
You feel sick.
Found eight altars.
There is a staircase back to the Dungeon here.
You aren't carrying any scrolls.
Okay, then.
You aren't carrying any scrolls.
You hit the ice beast but do no damage. You hit the orc.
You closely miss the orc.
* * * LOW HITPOINT WARNING * * *
You feel very sick.
The ice beast hits you but does no damage.
The orc barely misses you. The orc hits you but does no damage.
You hit the orc.
You kill the orc!
You closely miss the orc. You barely miss the ice beast.
You die...

_. .#.## ._ ..#
... #.. #.# ._.
#.# #.# ... #.#
#.##.##.# .
#.#.#.# .
#...##)o.##...#
.._...Y@...._..
#...##...##...#
. #.#.#.# .
#.##.##.# #.#
... #.# #.# ._.
#.# ..# ... #..
_. ##.#. ._


You could see an ice beast and an orc.

Vanquished Creatures
  An adder (D:2)
  A worm (D:2)
  A dart slug (D:1)
  An orc (Temple)
  2 ball pythons
  2 endoplasms
  A giant cockroach (D:1)
  2 goblins
  3 hobgoblins
  2 quokkas
  4 bats
  2 frilled lizards (D:1)
  3 kobolds
  A rat (D:2)
26 creatures vanquished.

Vanquished Creatures (others)
  27 plants (D:2)
27 creatures vanquished.

Grand Total: 53 creatures vanquished

Notes
Turn   | Place    | Note
-------+----------+-------------------------------------------
     0 | D:1      | NateTC the Hill Orc Fighter began the quest for the Orb.
     0 | D:1      | Reached XP level 1. HP: 19/19 MP: 1/1
   326 | D:1      | Reached XP level 2. HP: 27/27 MP: 2/2
   939 | D:1      | Found a faded altar of an unknown god.
  1527 | D:2      | Reached XP level 3. HP: 33/33 MP: 3/3
  1967 | D:3      | You fall into a shaft and drop 3 floors!
  1968 | D:6      | Found a staircase to the Ecumenical Temple.
  1968 | D:6      | Noticed an ice beast
  1970 | D:6      | Noticed an orc warrior
  1973 | Temple   | Entered the Ecumenical Temple
  1975 | Temple   | Succumbed to an orc's poison

Illustrated notes

Levels and vault maps discovered:
D:1:      noname_arrival_rooms_in_the_neighbourhood, layout_basic,
          basic_ecumenical_altar
D:2:      layout_loops_ring, serial_bayou_lagoon_a, st_stairs_2,
          patterned_corridor
D:3:      layout_basic, mainiacjoe_overflow_24_doors, serial_glass,
          glass_columns_b, glass_columns_b, glass_columns_c, glass_columns_a,
          glass_columns_c, glass_columns_b, minmay_misc_feat_four_crosses
D:6:      layout_basic, minmay_temple_entry_arrows, gammafunk_ghost_grave,
          gup_sewer_entry_glass
Temple:   eino_narrow_crystal_temple

Skill      XL: |  1  2 |
---------------+-------+-----
Axes           | 3 4 |  4.4
Fighting       | 4 |  4.2
Armour         | |  3.2
Shields        | |  3.2

Action                   || total
-------------------------++-------
Melee: War axe           ||    72
  Use: Scroll            ||     5
Armor: Scale mail        ||    48
Dodge: Dodged            ||    37
Block: Buckler           ||    20

Table legend: (Time is in decaauts)
 A = Elapsed time spent in this place.
 B = Non-inter-level travel time spent in this place.
 C = Inter-level travel time spent in this place.
 D = Time resting spent in this place.
 E = Time spent auto-exploring this place.
 F = Levels seen in this place.
 G = Mean time per level.
                   A        B        C        D        E       F      G
               +--------+--------+--------+--------+--------+-----+--------+
         Total |   2004 |   1936 |     68 |      0 |   1598 |   5 |  400.8 |
       Dungeon |   2002 |   1934 |     68 |      0 |   1598 |   4 |  500.5 |
        Temple |      2 |      2 |      0 |      0 |      0 |   1 |    2.0 |
               +--------+--------+--------+--------+--------+-----+--------+

Top non-repeatable levels by time:
     D:1: 1106 daAuts
     D:2: 881 daAuts
     D:3: 8 daAuts
     D:6: 5 daAuts
  Temple: 2 daAuts
